 Dungeon Crawl Stone Soup version 0.30-a0-12-gd8047c6341 (webtiles) character file.

Game seed: 17691276784858951092

458 rubashov the Magician (level 7, 63/63 HPs)
             Began as a Djinni Fire Elementalist on Aug 23, 2022.
             Was an Elder of Jiyva.
             Quit the game on level 4 of the Dungeon.
             The game lasted 00:10:22 (3370 turns).

rubashov the Magician (Djinni Fire Elementalist)    Turns: 3370, Time: 00:10:22

Health: 63/63      AC:  5    Str:  7    XL:     7   Next: 27%
Gold:   121        EV: 13    Int: 18    God:    Jiyva [****..] SH:  0 Dex: 14

rFire   + + .      SeeInvis .    o - +0 dagger (venom)
rCold   x . .      Faith    .    (no shield)
rNeg    . . .      Spirit   .    a - +0 robe
rPois   ∞          Reflect  .    (helmet restricted)
rElec   .          Harm     .    d - +0 cloak
rCorr   +          Rampage  .    r - +1 Delatra's gloves {ID++}
Will    .....                    (boots unavailable)
Stlth   ++........               (no amulet)
HPRegen 1.48/turn                (no ring)
MPRegen 0.00/turn                (no ring)

@: flying
A: sickness immunity, fire resistance 2, cold vulnerability 1, float, innate
caster, HP casting, extra vitality 1, horns 1, robust 3
a: Renounce Religion, Oozemancy, Slimify


You were on level 4 of the Dungeon.
You worshipped Jiyva.
Jiyva was greatly pleased with you.
You visited 1 branch of the dungeon, and saw 4 of its levels.

You collected 121 gold pieces.

Inventory:

Hand Weapons
 c - a +0 dagger
 i - a +0 whip of venom
 o - a +0 dagger of venom (weapon)
Missiles
 q - 4 stones
Armour
 a - a +0 robe (worn)
 d - a +0 cloak (worn)
 r - the +1 Delatra's gloves (worn) {ID++}
   (You found it on level 4 of the Dungeon)

   It heals its wearer when they drink unknown potions.
   It restores its wearer's MP when they read unknown scrolls.
Scrolls
 e - a scroll of amnesia {unknown}
 k - a scroll of silence {unknown}
 p - a scroll of identify {unknown}
Potions
 b - a potion of flight {unknown}
 f - a potion of invisibility {unknown}
 g - 2 potions of attraction {unknown}
 h - a potion of brilliance {unknown}
 j - a potion of curing {unknown}
 l - 2 potions of magic {unknown}
 m - a potion of degeneration {unknown}
 n - 2 potions of heal wounds {unknown}


   Skills:
 * Level 2.7 Fighting
 * Level 3.9 Dodging
 - Level 1.5 Stealth
 - Level 5.0 Spellcasting


You couldn't memorise any spells.
You knew the following spells:

 Your Spells              Type           Power      Damage    Failure   Level
a - Foxfire               Conj/Fire      88%        2x1d8     1%          1
b - Scorch                Fire           44%        2d7       2%          2
c - Conjure Flame         Conj/Fire      22%        6-21      4%          3
d - Inner Flame           Hex/Fire       22%        N/A       4%          3
e - Flame Wave            Conj/Fire      22%        2d8       17%         4
f - Summon Small Mammal   Summ           88%        N/A       1%          1
g - Ensorcelled Hibernat  Hex/Ice        44%        N/A       2%          2
h - Gell's Gravitas       Tloc           22%        N/A       4%          3
Your spell library was empty.

Dungeon Overview and Level Annotations

Branches:
Dungeon (4/15)
 Temple: D:4-7

Altars:
Jiyva

Shops:
D:1 (


Innate Abilities, Weirdness & Mutations

You are immune to sickness and miasma.
You are immune to poison.
Your flesh is very heat resistant. (rF++)
You are vulnerable to cold. (rC-)
You float through the air rather than walking.
You learn spells naturally, not from books.
Your magical power is your life essence.
You have superior vitality. (+4 MHP)
You have a pair of small horns on your head.
You are extremely robust. (+30% HP)


Message History

The orc is splashed with acid!
The acid corrodes the orc!
The orc dies!
The orc wizard attacks as you move away!
The orc wizard hits you but does no damage.
The orc wizard casts a spell at you. The puff of flame hits you. You resist.
The orc wizard points at you and mumbles some strange words.
The puff of flame misses you.
You hear a slurping noise.
You see here the +1 Delatra's gloves {ID++}.
r - the +1 Delatra's gloves {ID++} The orc wizard points at you and mumbles some strange words.
You easily resist.
You hear a slurping noise.
Casting: Scorch (safe; 2% risk of failure)
Confirm with . or Enter, or press ? or * to list all spells.
Flames lash the orc wizard.
The orc wizard is burned terribly!
You kill the orc wizard!
You hear a slurping noise.
There is a broken door here.
There is a broken door here.
There is a broken door here.
There is a broken door here.
There is a stone staircase leading down here.
You hear a distant slurping noise.
You hear a squelching noise.
You hear a distant slurping noise.
Done exploring.
You start putting on your armour.
You continue putting on the +1 Delatra's gloves {ID++}. x4
You finish putting on the +1 Delatra's gloves {ID++}.
Save game and exit?
Okay, then.
Unknown command.
Okay, then.
Okay, then.
Save game and exit?
Welcome back, rubashov the Djinni Fire Elementalist.
Slime for the Slime God!
Press ? for a list of commands and other information.
Are you sure you want to abandon this character and quit the game? (Confirm with "yes".)

#......#####....#.# #..........
#.##.....#...##.#.###.####.##..
#.##.#.#.#.#.##.........##.####
#.##.#.#...#.##.#.###J#.##.#
#......#####.##.#.# #......#
#.##.#.# #......# ##.#####
#.##.#.######...### #.#
#.##......###.### #.#
#.####.##.#...@.# #.#
#.####.##.#.....# ###.#
#.........#.....# #...#
###.#######.....# #.### #.#
#.....# #.# #.# ####### #.#
####.########## #.#
#.......##....#######.#
#.##.##.##.##.........#


There were no monsters in sight!

Vanquished Creatures
  Grinder (D:3)
  An orc warrior (D:4)
  An orc priest (D:4)
  A gnoll bouda (D:4)
  Natasha (D:2)
  3 orc wizards (D:4)
  3 gnolls (D:4)
  An adder (D:2)
  A worm (D:3)
  3 dart slugs
  12 orcs
  3 ball pythons
  An endoplasm (D:1)
  A giant cockroach (D:1)
  3 goblins
  2 hobgoblins
  2 quokkas
  2 bats (D:1)
  3 frilled lizards (D:1)
  10 kobolds
  3 rats
58 creatures vanquished.

Vanquished Creatures (others)
  6 jellies
  Natasha (twice) (D:2)
  Terence (D:2)
  An orc wizard (D:4)
  3 adders
  3 endoplasms
  A worm (D:3)
  9 orcs
  4 ball pythons
  2 bats
  2 giant cockroaches
  3 goblins
  7 hobgoblins
  2 kobolds
  A quokka (D:2)
  3 rats
  18 foxfires (D:1)
  A fungus (D:1)
  2 plants (D:1)
71 creatures vanquished.

Grand Total: 129 creatures vanquished

Notes
Turn   | Place    | Note
-------+----------+-------------------------------------------
     0 | D:1      | rubashov the Djinni Fire Elementalist began the quest for
                  | the Orb.
     0 | D:1      | rubashov set off with the following spells memorised:
                  | Foxfire, Scorch, Conjure Flame, Inner Flame, Flame Wave.
     0 | D:1      | Reached XP level 1. HP: 15/15 MP: 0/0
   149 | D:1      | Reached XP level 2. HP: 15/21 MP: 0/0
   796 | D:1      | Found a faded altar of an unknown god.
   811 | D:1      | Prayed at the altar of an unknown god.
   811 | D:1      | Became a worshipper of Jiyva Jide the Shapeless
   811 | D:1      | Reached * piety under Jiyva
  1021 | D:1      | Found Puamim's Weapon Shoppe.
  1023 | D:1      | Reached skill level 3 in Spellcasting
  1176 | D:2      | Killed Terence
  1188 | D:2      | Reached XP level 3. HP: 23/25 MP: 0/0
  1188 | D:2      | Learned a level 1 spell: Summon Small Mammal
  1358 | D:2      | Noticed Natasha
  1426 | D:2      | Reached ** piety under Jiyva
  1440 | D:2      | Killed Natasha
  1478 | D:2      | Noticed Natasha
  1479 | D:2      | Killed Natasha
  1717 | D:2      | Reached XP level 4. HP: 31/31 MP: 0/0
  1722 | D:2      | Killed Natasha
  2132 | D:3      | Reached *** piety under Jiyva
  2132 | D:3      | Gained mutation: You are robust. (+10% HP) [Jiyva's grace]
  2132 | D:3      | Gained mutation: You are very robust. (+20% HP) [Jiyva's
                  | grace]
  2132 | D:3      | Gained mutation: You are extremely robust. (+30% HP)
                  | [Jiyva's grace]
  2132 | D:3      | Gained mutation: You have a pair of small horns on your
                  | head. [Jiyva's grace]
  2452 | D:3      | Noticed Grinder
  2462 | D:3      | Killed Grinder
  2463 | D:3      | Reached skill level 1 in Fighting
  2463 | D:3      | Reached skill level 4 in Spellcasting
  2463 | D:3      | Reached XP level 5. HP: 45/48 MP: 0/0
  2463 | D:3      | Learned a level 2 spell: Ensorcelled Hibernation
  2756 | D:4      | Reached XP level 6. HP: 53/54 MP: 0/0
  3020 | D:4      | Reached **** piety under Jiyva
  3035 | D:4      | Reached skill level 5 in Spellcasting
  3164 | D:4      | Noticed an orc warrior
  3182 | D:4      | Killed an orc warrior
  3183 | D:4      | Reached XP level 7. HP: 58/63 MP: 0/0
  3183 | D:4      | Learned a level 3 spell: Gell's Gravitas
  3199 | D:4      | Found the +1 Delatra's gloves {ID++}
  3370 | D:4      | Quit the game

Illustrated notes

Levels and vault maps discovered:
D:1:      dpeg_arrival_simpleton_c, layout_basic,
          shapermc_ecumenical_altar_mp_ritualfount, serial_shops,
          nicolae_lakefront_shop
D:2:      layout_loops_corners, kennysheep_nub, uniq_terence, uniq_natasha
D:3:      kennysheep_six_static_rooms, layout_loops_ring, uniq_grinder
D:4:      layout_loops_cross, pf_guarded_unrand_delatra

Skill      XL: |  1  2  3  4  5  6 |
---------------+-------------------+-----
Spellcasting   | 3 4 5 |  5.0
Fighting       | 1 2 |  2.7
Dodging        | 3 |  3.9
Stealth        | |  1.5

Action                   |  1- 3 |  4- 6 |  7- 9 || total
-------------------------+-------+-------+-------++-------
Melee: Dagger            |    16 |     7 |     2 ||    25
       Whip              |     4 |    22 |       ||    26
       Headbutt          |       |     3 |       ||     3
       Punch             |       |     1 |       ||     1
 Cast: Foxfire           |    10 |       |       ||    10
       Scorch            |    12 |    41 |     5 ||    58
       Conjure Flame     |       |     1 |       ||     1
       Flame Wave        |       |     1 |       ||     1
 Stab: Sleeping          |     2 |     1 |       ||     3
Armor: Robe              |     3 |    10 |     2 ||    15
Dodge: Dodged            |    12 |    23 |     7 ||    42

Table legend: (Time is in decaauts)
 A = Elapsed time spent in this place.
 B = Non-inter-level travel time spent in this place.
 C = Inter-level travel time spent in this place.
 D = Time resting spent in this place.
 E = Time spent auto-exploring this place.
 F = Levels seen in this place.
 G = Mean time per level.
                   A        B        C        D        E       F      G
               +--------+--------+--------+--------+--------+-----+--------+
         Total |   3370 |   3268 |    102 |    517 |   2273 |   4 |  842.5 |
       Dungeon |   3370 |   3268 |    102 |    517 |   2273 |   4 |  842.5 |
               +--------+--------+--------+--------+--------+-----+--------+

Top non-repeatable levels by time:
     D:1: 1163 daAuts
     D:2: 833 daAuts
     D:4: 688 daAuts
     D:3: 684 daAuts
